AoeStats
← raw0000

Black Forest

509546866Analyzed
4v4 RM · 6d ago on Sep 27, 2026· 50m 27s· 8 players
Game mode
Random Map
Map size
Large (8 player)
Population
200
Speed
Normal
Resources
Standard
Victory
Conquest
Starting age
Dark Age
Ending age
Imperial Age
RankedLock teamsTeams togetherTeam positionsShared explorationLock speedFull tech treeHidden civsTurbo modeCheats
Victory
Defeat
🇺🇸 Saracens · United States
1295
+14
🇺🇸 Ethiopians · United States
1246
+16
1239
+17
🇨🇱 Goths · Chile
1072
+80
🇹🇼 Saxons · Taiwan
1271
-19
🇵🇪 Persians · Peru
1265
-18
🇮🇳 Inca · India
1235
-17
1228
-17
raw0000
11:23 Feudal Age
12:10 Horse Collar
12:22 Double-Bit Axe
14:33 Stone Mining
14:39 Fishing Lines
17:16 Castle Age
18:52 Gillnets
23:17 Loom
29:16 Wheelbarrow
28:26 Town Watch
30:26 Hand Cart
30:15 Heavy Plow
30:28 Bow Saw
31:11 Gold Mining
31:59 Stone Shaft Mining
32:03 Town Patrol
35:26 Imperial Age
33:35 Gold Shaft Mining
32:59 Fletching
33:09 Padded Archer Armor
33:55 Squires
33:40 Arson
33:16 Pikeman
33:18 Champi Runner
34:45 Bodkin Arrow
34:51 Padded Archer Armor
35:04 Forging
34:55 Scale Mail Armor
34:30 Champi Warrior
35:24 Thumb Ring
34:39 Crossbowman
34:40 Elite Skirmisher
36:37 Iron Casting
36:08 Bracer
36:23 Leather Archer Armor
35:56 Arbalester
37:02 Ballistics
37:49 Chemistry
36:31 Treadmill Crane
37:51 Chain Mail Armor
39:15 Ring Archer Armor
39:01 Fortified Wall
38:39 Halberdier
38:41 Elite Champi Warrior
40:27 Blast Furnace
40:01 Plate Mail Armor
40:02 Caravan
40:13 Guilds
42:12 Elite Kamayuk
43:17 Conscription
42:59 Fabric Shields
43:02 Andean Sling
46:19 Coinage
Thiếu Tá Võ Nguyên GIáp
0:43 Loom
11:05 Feudal Age
12:21 Wheelbarrow
12:11 Double-Bit Axe
26:37 Castle Age
24:54 Stone Mining
35:53 Bow Saw
36:10 Town Watch
36:59 Caravan
38:23 Hand Cart
38:48 Gold Mining
38:41 Horse Collar
40:54 Heavy Plow
42:28 Town Patrol
47:15 Imperial Age
44:48 Town Patrol
46:13 Nomads
51:11 Drill
51:12 Conscription
韓國魚
0:28 Loom
11:50 Feudal Age
17:17 Castle Age
15:26 Double-Bit Axe
16:13 Fishing Lines
16:18 Horse Collar
18:14 Bow Saw
18:32 Town Watch
20:54 Gillnets
25:17 Heavy Plow
27:43 Stone Mining
29:31 Gold Mining
29:38 Fletching
29:49 Padded Archer Armor
29:59 Forging
30:26 Caravan
32:58 Imperial Age
31:08 Wheelbarrow
32:00 Gold Shaft Mining
33:18 Bodkin Arrow
33:59 Iron Casting
33:40 Leather Archer Armor
33:25 Scale Mail Armor
34:28 Conscription
33:32 Pikeman
34:12 Squires
33:59 Arson
34:36 Ballistics
35:17 Chemistry
36:14 Two-Man Saw
34:44 Crossbowman
35:30 Thumb Ring
35:39 Bracer
36:05 Masonry
36:07 Fortified Wall
35:20 Halberdier
35:41 Arbalester
36:05 Shield Wall
37:22 Hoardings
36:47 Man-at-Arms
37:12 Gambesons
36:50 Elite Varangian Guard
38:07 Chain Mail Armor
38:23 Ring Archer Armor
38:00 Long Swordsman
38:04 Onager
40:13 Two-Man Saw
39:31 Hand Cart
39:15 Two-Handed Swordsman
39:17 Elite Skirmisher
40:28 Elite Hearth Troop
41:46 Plate Mail Armor
42:47 Clerical Recruitment
43:46 Block Printing
44:01 Redemption
44:09 Redemption
44:22 Sanctity
44:16 Herbal Medicine
45:25 Illumination
50:29 Siege Engineers
50:54 Architecture
50:05 Treadmill Crane
50:21 Murder Holes
chr0rk
10:49 Loom
13:15 Feudal Age
14:57 Double-Bit Axe
16:01 Bloodlines
16:06 Forging
17:59 Scale Barding Armor
19:16 Horse Collar
25:20 Castle Age
23:31 Gold Mining
25:52 Husbandry
26:13 Chain Barding Armor
26:59 Bow Saw
28:45 Light Cavalry
37:20 Imperial Age
34:53 Stone Mining
36:38 Wheelbarrow
37:11 Cavalier
38:27 Stone Shaft Mining
38:30 Hand Cart
39:15 Two-Man Saw
38:16 Heavy Plow
39:50 Chemistry
39:10 Ballistics
40:16 Crop Rotation
39:48 Town Watch
42:04 Citadels
42:08 Heavy Scorpion
42:25 Elite Skirmisher
43:00 Fletching
44:32 Bodkin Arrow
44:38 Padded Archer Armor
46:09 Leather Archer Armor
46:02 Elite Skirmisher
46:14 Crossbowman
47:48 Ring Archer Armor
46:52 Capped Ram
48:11 Capped Ram
HP2025
3:02 Loom
9:39 Feudal Age
10:05 Double-Bit Axe
12:53 Fletching
16:26 Horse Collar
17:27 Wheelbarrow
19:58 Padded Archer Armor
26:03 Castle Age
24:02 Gold Mining
26:46 Bodkin Arrow
26:13 Crossbowman
27:00 Thumb Ring
27:32 Bow Saw
29:47 Ballistics
36:04 Imperial Age
33:52 Hand Cart
33:22 Town Watch
36:09 Leather Archer Armor
36:48 Bracer
37:19 Arbalester
40:05 Chemistry
41:11 Gold Shaft Mining
40:27 Stone Mining
44:16 Caravan
46:37 Siege Engineers
bugg9
7:50 Loom
10:09 Feudal Age
10:38 Double-Bit Axe
21:16 Scale Barding Armor
21:21 Forging
22:19 Bloodlines
26:16 Castle Age
27:10 Bow Saw
27:21 Chain Barding Armor
26:32 Light Cavalry
29:09 Iron Casting
28:39 Husbandry
29:40 Fishing Lines
31:44 Horse Collar
33:14 Gold Mining
33:22 Gillnets
34:22 Wheelbarrow
37:45 Imperial Age
38:00 Elite Mameluke
39:05 Hand Cart
39:35 Plate Barding Armor
40:26 Gold Shaft Mining
42:41 Caravan
43:12 Conscription
44:34 Hoardings
46:18 Counterweights
48:29 Blast Furnace
48:27 Bimaristan
REALCARACODUENDEOFICIAL
0:49 Loom
12:27 Feudal Age
16:24 Castle Age
14:23 Double-Bit Axe
14:20 Horse Collar
17:36 Bow Saw
20:58 Fishing Lines
25:29 Wheelbarrow
26:08 Gillnets
28:22 Hand Cart
27:52 Town Watch
28:29 Stone Mining
28:29 Gold Mining
34:41 Imperial Age
32:14 Circumnavigation
33:14 Stone Shaft Mining
33:22 Guard Tower
33:43 Fortified Wall
34:44 Heavy Plow
35:08 Fletching
35:19 Padded Archer Armor
36:38 Chemistry
36:13 Keep
36:35 Leather Archer Armor
36:15 Bodkin Arrow
36:32 Forging
36:27 Scale Barding Armor
36:22 Scale Mail Armor
36:54 Conscription
36:48 Arquebus
36:20 Sappers
37:15 Town Patrol
38:34 Ring Archer Armor
39:30 Bombard Tower
43:00 Masonry
42:31 Treadmill Crane
42:26 Elite Skirmisher
43:18 Bracer
43:48 Ring Archer Armor
42:43 Elite Organ Gun
43:39 Elite Skirmisher
44:28 Elite Organ Gun
45:54 Siege Engineers
46:20 Architecture
Soviet_C4NC05
13:14 Feudal Age
20:12 Castle Age
22:57 Gold Mining
23:01 Stone Mining
22:58 Double-Bit Axe
22:56 Horse Collar
30:13 Wheelbarrow
30:23 Stone Shaft Mining
31:26 Hand Cart
36:52 Heavy Plow
37:06 Bow Saw
42:38 Imperial Age
40:39 Man-at-Arms
40:44 Pikeman
43:58 Halberdier
45:54 Anarchy
46:40 Conscription
48:23 Chemistry
47:38 Scale Mail Armor
Connection lost

Rejoining the realm…

Still unreachable

The connection could not be restored.

Session expired

The server has moved on; the page needs a fresh start.